[Event "FIDE Womens World Cup 2021"]
[Site "Sochi"]
[Date "2021.07.14"]
[Round "1.5"]
[White "Cyfka, Karina"]
[Black "Demchenko, Svitlana"]
[Result "1-0"]
[ECO "A46"]
[WhiteElo "2417"]
[BlackElo "2089"]
[Annotator "ChessBase"]
[PlyCount "113"]
[EventDate "2021.07.12"]
[EventType "k.o."]
[EventCountry "RUS"]
[SourceTitle "playchess.com"]
[Source "ChessBase"]
[SourceQuality "1"]
[TimeControl "600+10"]

1. d4 Nf6 2. Nf3 e6 3. g3 d5 4. Bg2 Nbd7 5. O-O Bd6 6. c4 c6 7. Qc2 O-O 8. b3 Ne4 9. Bb2 Qe7 10. Nbd2 f5 11. Ne5 c5 12. e3 b6 13. Ndf3 Bb7 14. Rfd1 Rac8 15. Qe2 Ba6 16. Rac1 Ndf6 17. h3 Rfd8 18. Ne1 Nd7 19. Kh2 Bb8 20. f3 Nef6 21. Qf2 Bb7 22. N1d3 dxc4 23. bxc4 Qe8 24. Kg1 h6 25. g4 Nf8 26. Nf4 g5 27. Nfd3 Ng6 28. dxc5 bxc5 29. Nxg6 Qxg6 30. Nxc5 Rxd1+ 31. Rxd1 Rxc5 32. Rd8+ Ne8 33. Rxb8 Ba6 34. Qd2 Rc8 35. Rxc8 Bxc8 36. Qd4 Kf7 37. Qxa7+ Kg8 38. Qd4 f4 39. exf4 gxf4 40. Qxf4 Qb1+ 41. Qc1 Qxa2 42. Qc3 Qb1+ 43. Kh2 Qg6 44. c5 Kf7 45. c6 Nc7 46. f4 h5 47. Qe5 Ne8 48. Be4 Qh6 49. g5 Qg7 50. Qxg7+ Nxg7 51. Bxg7 Kxg7 52. Kg3 Ba6 53. Kf2 Kf7 54. Ke3 Ke7 55. Kd4 Kd6 56. g6 Ke7 57. Ke5 1-0

[Event "FIDE Womens World Cup 2021"]
[Site "Sochi"]
[Date "2021.07.14"]
[Round "1.5"]
[White "Skripchenko, Almira"]
[Black "Wafa, Shahenda"]
[Result "1-0"]
[ECO "A04"]
[WhiteElo "2411"]
[BlackElo "2106"]
[Annotator "ChessBase"]
[PlyCount "83"]
[EventDate "2021.07.12"]
[EventType "k.o."]
[EventCountry "RUS"]
[SourceTitle "playchess.com"]
[Source "ChessBase"]
[SourceQuality "1"]
[TimeControl "600+10"]

1. Nf3 f5 2. g3 Nf6 3. Bg2 g6 4. d3 Bg7 5. Nbd2 O-O 6. e4 d6 7. c3 e5 8. Qb3+ Kh8 9. Ng5 Qe7 10. exf5 Bxf5 11. Bxb7 Ng4 12. Nge4 Nd7 13. Bxa8 Rxa8 14. h3 Ngf6 15. Qa3 Qe6 16. g4 Bxe4 17. dxe4 Nc5 18. f3 Nd3+ 19. Ke2 Nf4+ 20. Kd1 d5 21. Kc2 Qc6 22. g5 Nd7 23. h4 Nc5 24. Nb3 Ncd3 25. Bxf4 Nxf4 26. Qc5 Qa6 27. Rad1 Qe2+ 28. Rd2 Qxf3 29. Re1 Rd8 30. Qxc7 Rf8 31. Nc5 d4 32. Kb3 Ng2 33. Ree2 Nf4 34. Rf2 Qh3 35. a3 a6 36. Qd6 a5 37. a4 Qc8 38. cxd4 Rd8 39. Qb6 Nh3 40. Rf7 exd4 41. Rxg7 Kxg7 42. Ne6+ 1-0

[Event "FIDE Womens World Cup 2021"]
[Site "Sochi"]
[Date "2021.07.14"]
[Round "1.5"]
[White "Narva, Mai"]
[Black "Mammadova, Gulnar"]
[Result "1-0"]
[ECO "C47"]
[WhiteElo "2276"]
[BlackElo "2385"]
[Annotator "ChessBase"]
[PlyCount "133"]
[EventDate "2021.07.12"]
[EventType "k.o."]
[EventCountry "RUS"]
[SourceTitle "playchess.com"]
[Source "ChessBase"]
[SourceQuality "1"]
[TimeControl "600+10"]

1. e4 e5 2. Nf3 Nc6 3. Nc3 Nf6 4. g3 d5 5. exd5 Nxd5 6. Bg2 Nxc3 7. bxc3 Bc5 8. O-O O-O 9. d3 h6 10. Rb1 Re8 11. Re1 Bb6 12. h3 Bf5 13. Nd2 Qd7 14. Qh5 Bg6 15. Qh4 Qe7 16. Qa4 Qc5 17. Rf1 Qxc3 18. Nc4 Nd4 19. Bxb7 Rab8 20. Bc6 Nxc6 21. Bd2 Bxf2+ 22. Kg2 Qd4 23. Rxb8 Qd5+ 24. Kxf2 Rxb8 25. Bc3 e4 26. Ne3 Qc5 27. Qc4 Qxc4 28. dxc4 Nd8 29. Nd5 Ne6 30. Ne7+ Kh7 31. Ke3 Re8 32. Nc6 f5 33. a4 a6 34. Rd1 Ng5 35. Rd7 Ne6 36. Nd4 Kg8 37. Nxe6 Rxe6 38. Rxg7+ Kf8 39. Rxc7 Ke8 40. c5 Bf7 41. c6 Kf8 42. Rc8+ Be8 43. c7 Rc6 44. Be5 Ke7 45. Rd8 Bd7 46. c3 Ke6 47. Bf4 Rxc3+ 48. Kd4 Rc6 49. Rh8 Ke7 50. Rh7+ Ke8 51. a5 Be6 52. Rxh6 Kd7 53. Rh8 Ke7 54. h4 Rc4+ 55. Ke3 Rc3+ 56. Kd2 Rc6 57. h5 Kf7 58. Rh7+ Kf6 59. h6 e3+ 60. Kxe3 Rc3+ 61. Kd4 Rc4+ 62. Kd3 Rc6 63. Rh8 Kg6 64. h7 Kg7 65. Re8 Bc4+ 66. Kd4 Kxh7 67. c8=Q 1-0

[Event "FIDE Womens World Cup 2021"]
[Site "Sochi"]
[Date "2021.07.12"]
[Round "1.5"]
[White "Moaataz, Ayah"]
[Black "Ushenina, Anna"]
[Result "1-0"]
[ECO "A13"]
[WhiteElo "2015"]
[BlackElo "2429"]
[Annotator "NA"]
[PlyCount "81"]
[EventDate "2021.07.12"]
[EventType "k.o."]
[EventCountry "RUS"]
[SourceTitle "playchess.com"]
[Source "ChessBase"]
[SourceQuality "1"]
[TimeControl "40/5400+30:1800+30"]

1. c4 e6 2. g3 d5 3. Nf3 dxc4 4. Bg2 a6 5. a4 Nc6 6. Na3 e5 7. Nxc4 e4 8. Ng1 Be6 9. b3 b5 $11 (9... Nf6 $15) 10. Ne3 Nd4 11. Bxe4 Nf6 12. Bc2 Bb4 13. Bb2 O-O 14. f4 Re8 15. axb5 Nxc2+ 16. Qxc2 Bd5 17. Ra4 Be4 18. Qc1 a5 19. Rxb4 axb4 20. Nf3 Rb8 21. Be5 Rxb5 22. O-O Rb7 23. Ng5 Bd5 24. Qb2 h6 25. Nf3 Bxf3 26. exf3 Re6 27. Rc1 Qd3 28. Kf2 Ne8 29. Rc5 f6 30. Rd5 Qa6 31. Bd4 Nd6 32. f5 Re7 33. Bxf6 gxf6 34. Rd4 Nxf5 35. Rd8+ Kf7 36. Qc2 Ng7 37. Qh7 c5 38. f4 Rbd7 39. Qg8+ Kg6 40. f5+ Kh5 41. Qh7 1-0

[Event "FIDE Womens World Cup 2021"]
[Site "Sochi"]
[Date "2021.07.12"]
[Round "1.6"]
[White "Munguntuul, Batkhuyag"]
[Black "Omonova, Umida"]
[Result "1/2-1/2"]
[ECO "C65"]
[WhiteElo "2428"]
[BlackElo "2035"]
[Annotator "NA"]
[PlyCount "87"]
[EventDate "2021.07.12"]
[EventType "k.o."]
[EventCountry "RUS"]
[SourceTitle "playchess.com"]
[Source "ChessBase"]
[SourceQuality "1"]
[TimeControl "40/5400+30:1800+30"]

1. e4 e5 2. Nf3 Nc6 3. Bb5 Nf6 4. d3 Bc5 5. O-O Nd4 6. Nxd4 Bxd4 7. c3 Bb6 8. Nd2 O-O 9. Nc4 d5 10. Nxb6 axb6 11. Qc2 Bd7 12. Bxd7 Qxd7 13. Bg5 Ne8 $11 14. Qb3 dxe4 15. dxe4 Nd6 16. Rfd1 h6 17. Bh4 Ra5 18. f3 Rfa8 19. Rd5 Rxd5 20. Qxd5 Ra5 21. Qd2 f6 22. b3 Qc6 23. Bf2 Kf8 24. Rd1 Ra8 25. c4 Nf7 26. Qb4+ Ke8 27. a4 Nd8 28. Be3 Qe6 29. Rd5 Nc6 30. Qc3 Ne7 31. Rd3 Rd8 32. Kf2 g5 33. Qd2 Rxd3 34. Qxd3 h5 35. Qd1 Qd7 36. Qxd7+ Kxd7 37. Ke2 Nc6 38. Kd3 Nb4+ 39. Kc3 c5 40. a5 Kc6 41. axb6 h4 42. Bf2 Kxb6 43. Kd2 Kc6 44. Kc3 1/2-1/2

[Event "FIDE Womens World Cup 2021"]
[Site "Sochi"]
[Date "2021.07.14"]
[Round "1.6"]
[White "Mammadova, Gulnar"]
[Black "Narva, Mai"]
[Result "1-0"]
[ECO "A40"]
[WhiteElo "2385"]
[BlackElo "2276"]
[Annotator "ChessBase"]
[PlyCount "189"]
[EventDate "2021.07.12"]
[EventType "k.o."]
[EventCountry "RUS"]
[SourceTitle "playchess.com"]
[Source "ChessBase"]
[SourceQuality "1"]
[TimeControl "600+10"]

1. d4 g6 2. Nf3 Bg7 3. Bf4 c5 4. e3 cxd4 5. exd4 d6 6. Be2 Nf6 7. O-O O-O 8. c4 Nh5 9. Be3 e5 10. Nc3 Nd7 11. dxe5 dxe5 12. Qd6 Qf6 13. Rfd1 e4 14. Ng5 Qxd6 15. Rxd6 Be5 16. Rd5 Nhf6 17. Rd2 Bxc3 18. bxc3 h6 19. Nh3 g5 20. Rd6 Re8 21. Rad1 Re6 22. c5 Ne5 23. Bd4 Rxd6 24. cxd6 Bxh3 25. Bxe5 Nd7 26. Bd4 Bf5 27. Bc4 Rc8 28. Bd5 b6 29. Re1 Nc5 30. c4 Rd8 31. Bxc5 bxc5 32. g4 Bxg4 33. Rxe4 Bf3 34. Re5 Bxd5 35. Rxd5 Kg7 36. Kf1 Kf6 37. Ke2 Ke6 38. Rxc5 Rxd6 39. Ra5 a6 40. Rc5 f5 41. a4 h5 42. a5 h4 43. Rc8 g4 44. Ke3 Ke7 45. Rb8 Kd7 46. Rb7+ Kc8 47. Rf7 Re6+ 48. Kd4 Re4+ 49. Kd5 g3 50. fxg3 hxg3 51. hxg3 Rg4 52. Rxf5 Rxg3 53. Kc5 Rg6 54. Rf8+ Kc7 55. Rf7+ Kc8 56. Rf5 Kc7 57. Rh5 Rf6 58. Rh7+ Kc8 59. Rg7 Rh6 60. Kd5 Rh5+ 61. Kd6 Rh6+ 62. Kc5 Rh5+ 63. Kb4 Rh4 64. Re7 Rh6 65. Kc5 Rg6 66. Kd5 Rg5+ 67. Kd6 Rg6+ 68. Re6 Rg1 69. Kc6 Kb8 70. c5 Rb1 71. Kd7 Rd1+ 72. Rd6 Rh1 73. Rxa6 Rh7+ 74. Kc6 Rh6+ 75. Kb5 Rh1 76. Rg6 Rb1+ 77. Kc6 Ra1 78. Rg7 Ra2 79. Rg6 Ra1 80. Kd7 Rd1+ 81. Rd6 Rh1 82. Rb6+ Ka7 83. Re6 Rd1+ 84. Kc7 Ra1 85. a6 Rc1 86. c6 Kxa6 87. Kb8 Rb1+ 88. Ka8 Kb6 89. Kb8 Ka6+ 90. Kc8 Ka7 91. Re7+ Ka8 92. c7 Rd1 93. Re2 Ka7 94. Ra2+ Kb6 95. Kb8 1-0

[Event "FIDE Womens World Cup 2021"]
[Site "Sochi"]
[Date "2021.07.14"]
[Round "1.6"]
[White "Wafa, Shahenda"]
[Black "Skripchenko, Almira"]
[Result "0-1"]
[ECO "B01"]
[WhiteElo "2106"]
[BlackElo "2411"]
[Annotator "ChessBase"]
[PlyCount "82"]
[EventDate "2021.07.12"]
[EventType "k.o."]
[EventCountry "RUS"]
[SourceTitle "playchess.com"]
[Source "ChessBase"]
[SourceQuality "1"]
[TimeControl "600+10"]

1. e4 d5 2. exd5 Qxd5 3. d4 c6 4. Nf3 Nf6 5. Be2 Bg4 6. c4 Qd8 7. O-O e6 8. Nc3 Be7 9. h3 Bh5 10. Be3 O-O 11. Ne5 Bxe2 12. Qxe2 Nbd7 13. f4 Bb4 14. Bf2 Qa5 15. Rac1 Rac8 16. a3 Bxc3 17. Rxc3 Qc7 18. g4 Ne8 19. g5 Nd6 20. d5 Nf5 21. Rd1 Nxe5 22. fxe5 cxd5 23. cxd5 Qe7 24. Qg4 Rxc3 25. d6 Qd7 26. bxc3 b6 27. Qb4 Rc8 28. c4 h5 29. c5 bxc5 30. Bxc5 Qc6 31. Bxa7 Qf3 32. Qd2 Qxh3 33. Qg2 Qxa3 34. Bf2 Qb3 35. Ra1 Kh7 36. Re1 Kg6 37. Qh2 Qf3 38. Qg2 Qb3 39. Qe4 Rc4 40. Qe2 Rg4+ 41. Kf1 Qh3# 0-1

[Event "FIDE Womens World Cup 2021"]
[Site "Sochi"]
[Date "2021.07.14"]
[Round "1.6"]
[White "Demchenko, Svitlana"]
[Black "Cyfka, Karina"]
[Result "1/2-1/2"]
[ECO "C47"]
[WhiteElo "2089"]
[BlackElo "2417"]
[Annotator "ChessBase"]
[PlyCount "109"]
[EventDate "2021.07.12"]
[EventType "k.o."]
[EventCountry "RUS"]
[SourceTitle "playchess.com"]
[Source "ChessBase"]
[SourceQuality "1"]
[TimeControl "600+10"]

1. e4 e5 2. Nf3 Nf6 3. Nc3 Nc6 4. d4 exd4 5. Nxd4 Bb4 6. Nxc6 bxc6 7. Bd3 d5 8. exd5 cxd5 9. O-O O-O 10. Bg5 c6 11. Qf3 Bd6 12. h3 Rb8 13. Rab1 h6 14. Bh4 Rb4 15. Bg3 Qc7 16. a3 Rb8 17. Ne2 Nh7 18. h4 Nf6 19. Bf4 Ng4 20. Qg3 Bxf4 21. Nxf4 Qd6 22. h5 Bd7 23. c4 Rfe8 24. cxd5 cxd5 25. Rfd1 d4 26. b4 Rbc8 27. Be2 Nf6 28. Bd3 Ne4 29. Bxe4 Rxe4 30. Ne2 Qf6 31. Qd3 Bf5 32. Qf3 Rxe2 33. Qxe2 Bxb1 34. Rxb1 Rd8 35. Rd1 Qf5 36. Rd3 Qe6 37. Qd1 Qe5 38. a4 Qd6 39. Qb3 Qe5 40. Qd1 Qd6 41. b5 Qb4 42. Kh2 Qd6+ 43. g3 Qe5 44. Re3 Qf5 45. Kg1 d3 46. Qd2 Qd5 47. f3 Qc4 48. Kg2 Qd5 49. g4 Qc4 50. Kg3 Qc7+ 51. f4 Qc2 52. Qa5 Qc8 53. Qd2 Qc2 54. Qa5 Qc8 55. Qd2 1/2-1/2

[Event "FIDE Womens World Cup 2021"]
[Site "Sochi"]
[Date "2021.07.14"]
[Round "1.7"]
[White "Narva, Mai"]
[Black "Mammadova, Gulnar"]
[Result "0-1"]
[ECO "C47"]
[WhiteElo "2276"]
[BlackElo "2385"]
[Annotator "ChessBase"]
[PlyCount "72"]
[EventDate "2021.07.12"]
[EventType "k.o."]
[EventCountry "RUS"]
[SourceTitle "playchess.com"]
[Source "ChessBase"]
[SourceQuality "1"]
[TimeControl "300+3"]

1. e4 e5 2. Nf3 Nc6 3. Nc3 Nf6 4. g3 d5 5. exd5 Nxd5 6. Bg2 Nxc3 7. bxc3 Bc5 8. O-O O-O 9. d3 h6 10. Qe2 Re8 11. Nd2 Bb6 12. Ba3 Bf5 13. Ne4 Qd7 14. Rfe1 Bg4 15. Qd2 Qf5 16. Nc5 Bxc5 17. Bxc5 Bf3 18. Bf1 b6 19. Ba3 e4 20. d4 Rad8 21. Qe3 Ne7 22. c4 Qf6 23. c3 Nf5 24. Qf4 g5 25. Qxc7 Rc8 26. Qb7 g4 27. d5 e3 28. fxe3 Qxc3 29. Qd7 Nxe3 30. Bd6 Rcd8 31. Qc7 Nf5 32. Bf4 Rxe1 33. Qxd8+ Kh7 34. Rxe1 Qd4+ 35. Be3 Nxe3 36. Qd7 Nc2+ 0-1

[Event "FIDE Womens World Cup 2021"]
[Site "Sochi"]
[Date "2021.07.12"]
[Round "1.7"]
[White "Azhar, Puteri Munajjah Az-Z"]
[Black "Matnadze, Ana"]
[Result "1/2-1/2"]
[ECO "A26"]
[WhiteElo "2046"]
[BlackElo "2421"]
[Annotator "NA"]
[PlyCount "130"]
[EventDate "2021.07.12"]
[EventType "k.o."]
[EventCountry "RUS"]
[SourceTitle "playchess.com"]
[Source "ChessBase"]
[SourceQuality "1"]
[TimeControl "40/5400+30:1800+30"]

1. c4 e5 2. Nc3 Nc6 3. g3 g6 4. Bg2 Bg7 5. d3 d6 6. Nf3 Nge7 7. O-O O-O 8. Ne1 h6 9. Nc2 Be6 10. Ne3 Kh7 11. Ned5 f5 12. f4 a6 13. Rb1 exf4 14. gxf4 Ng8 15. e3 $11 Nb8 16. Bd2 Nd7 17. Nb4 c6 18. Qe2 Re8 19. Nc2 Bf7 20. b3 Ndf6 21. d4 Rc8 22. Qd3 d5 23. c5 Ne4 24. Nxe4 fxe4 25. Qe2 Be6 26. Be1 Rf8 27. Kh1 Qd7 28. Bh4 Bg4 29. Qe1 Rce8 30. b4 Nf6 31. a4 Nh5 32. Qd2 Bf3 33. Rg1 Qh3 34. Bxf3 exf3 35. Bf2 Rf5 36. Qd3 Re4 37. Qf1 Qxf1 38. Rgxf1 g5 39. fxg5 hxg5 40. b5 axb5 41. axb5 Re6 42. bxc6 bxc6 43. Rb6 Nf6 44. Nb4 Ne4 45. Kg1 Rff6 46. Be1 g4 47. Nd3 Bh6 48. Rb7+ Kg6 49. Ne5+ Kf5 50. Rb3 Rxe5 51. dxe5 Kxe5 52. Bc3+ Nxc3 53. Rxc3 d4 54. exd4+ Kxd4 55. Ra3 Be3+ 56. Kh1 g3 57. Ra4+ Kxc5 58. hxg3 Bd4 59. Ra5+ Kc4 60. g4 c5 61. g5 Rf5 62. Ra3 Rxg5 63. Raxf3 Rg8 64. Rc1+ Kd5 65. Rf5+ Ke4 1/2-1/2

[Event "FIDE Womens World Cup 2021"]
[Site "Sochi"]
[Date "2021.07.14"]
[Round "1.8"]
[White "Mammadova, Gulnar"]
[Black "Narva, Mai"]
[Result "1/2-1/2"]
[ECO "A40"]
[WhiteElo "2385"]
[BlackElo "2276"]
[Annotator "ChessBase"]
[PlyCount "79"]
[EventDate "2021.07.12"]
[EventType "k.o."]
[EventCountry "RUS"]
[SourceTitle "playchess.com"]
[Source "ChessBase"]
[SourceQuality "1"]
[TimeControl "300+3"]

1. d4 g6 2. Nf3 Bg7 3. Bf4 Nf6 4. Nc3 d5 5. e3 O-O 6. h4 h5 7. Be2 c5 8. Ne5 Nc6 9. O-O cxd4 10. exd4 Qb6 11. Nxc6 Qxc6 12. Be5 Bf5 13. Bd3 Bg4 14. Be2 Be6 15. Bf3 Rac8 16. Qe2 Rfd8 17. a4 a6 18. a5 Bh6 19. Ra3 Ng4 20. Bg3 Bg7 21. Rd1 Bf5 22. Rb3 e6 23. Rb6 Qd7 24. Bxg4 hxg4 25. Bf4 Rc4 26. Be3 Rdc8 27. Rd2 Qc7 28. g3 Bf8 29. Bf4 Qd7 30. Be5 Bb4 31. Qe3 Kh7 32. Qg5 Bxc3 33. bxc3 Rxc3 34. h5 Rxc2 35. hxg6+ fxg6 36. Qh4+ Kg8 37. Qh8+ Kf7 38. Qf6+ Ke8 39. Qh8+ Ke7 40. Qf6+ 1/2-1/2

[Event "FIDE Womens World Cup 2021"]
[Site "Sochi"]
[Date "2021.07.12"]
[Round "1.8"]
[White "Mezioud, Amina"]
[Black "Osmak, Iulija"]
[Result "0-1"]
[ECO "B22"]
[WhiteElo "2071"]
[BlackElo "2418"]
[Annotator "NA"]
[PlyCount "100"]
[EventDate "2021.07.12"]
[EventType "k.o."]
[EventCountry "RUS"]
[SourceTitle "playchess.com"]
[Source "ChessBase"]
[SourceQuality "1"]
[TimeControl "40/5400+30:1800+30"]

1. e4 c5 2. c3 Nf6 3. e5 Nd5 4. d4 cxd4 5. cxd4 d6 6. Nf3 e6 7. Nc3 Nxc3 8. bxc3 Nc6 9. exd6 Bxd6 10. Bd3 h6 11. O-O O-O 12. Bc2 Ne7 13. Qd3 Ng6 14. Re1 Bd7 15. a4 Rc8 16. Ne5 Bxe5 17. Rxe5 Bc6 18. c4 Qh4 $16 (18... Re8 $11) 19. d5 Bxd5 20. cxd5 Rxc2 21. Qxc2 Nxe5 22. Bb2 Qc4 23. Qd2 Nd3 24. Ba3 Rd8 25. d6 Nf4 26. a5 Qd4 27. Qxd4 Ne2+ 28. Kf1 Nxd4 29. Rd1 Nb5 30. Bc5 Rd7 31. Bb4 f6 32. f4 Kf7 33. Kf2 a6 34. Ke3 Ke8 35. Ke4 Rd8 36. f5 Kd7 37. g4 Rc8 38. fxe6+ Kxe6 39. Kf3 Kd7 40. h4 Rc4 41. Rb1 g5 42. hxg5 hxg5 43. Rb2 Rd4 44. Rb1 Rd5 45. Rb2 Nxd6 46. Bxd6 Kxd6 47. Rxb7 Rxa5 48. Ke4 Ra4+ 49. Kf5 Rf4+ 50. Kg6 a5 0-1

[Event "FIDE Womens World Cup 2021"]
[Site "Sochi"]
[Date "2021.07.12"]
[Round "1.9"]
[White "Cyfka, Karina"]
[Black "Demchenko, Svitlana"]
[Result "1/2-1/2"]
[ECO "E11"]
[WhiteElo "2417"]
[BlackElo "2089"]
[Annotator "NA"]
[PlyCount "83"]
[EventDate "2021.07.12"]
[EventType "k.o."]
[EventCountry "RUS"]
[SourceTitle "playchess.com"]
[Source "ChessBase"]
[SourceQuality "1"]
[TimeControl "40/5400+30:1800+30"]

1. d4 Nf6 2. c4 e6 3. Nf3 Bb4+ 4. Nbd2 b6 5. g3 Bb7 6. Bg2 O-O 7. O-O d5 8. cxd5 exd5 9. Ne5 Nbd7 10. Ndf3 Bd6 11. Bg5 Qe8 12. Nxd7 Nxd7 $11 13. Rc1 Qe6 14. Qd3 Rfe8 15. Rfe1 c5 16. Bf4 h6 17. Bxd6 Qxd6 18. dxc5 bxc5 19. Nd2 Rab8 20. b3 Ne5 21. Qc2 Ba6 22. h3 Rbc8 23. f4 Nd7 24. e4 Qg6 25. Kh2 d4 26. e5 Bd3 27. Qb2 f6 28. e6 Nb6 29. Qa3 Qf5 30. Nf3 g5 31. fxg5 hxg5 32. e7 Be4 33. Qxa7 Bxf3 34. Qxb6 Bxg2 35. Kxg2 Qd5+ 36. Kg1 Rc6 37. Qb5 Qf3 38. Kh2 Qf2+ 39. Kh1 Qf3+ 40. Kh2 Qf2+ 41. Kh1 Qf3+ 42. Kh2 1/2-1/2

[Event "FIDE Womens World Cup 2021"]
[Site "Sochi"]
[Date "2021.07.12"]
[Round "1.10"]
[White "Varela La Madrid, Tilsia Carolina"]
[Black "Guichard, Pauline"]
[Result "1-0"]
[ECO "C48"]
[WhiteElo "2072"]
[BlackElo "2413"]
[Annotator "NA"]
[PlyCount "151"]
[EventDate "2021.07.12"]
[EventType "k.o."]
[EventCountry "RUS"]
[SourceTitle "playchess.com"]
[Source "ChessBase"]
[SourceQuality "1"]
[TimeControl "40/5400+30:1800+30"]

1. e4 e5 2. Nf3 Nc6 3. Nc3 Nf6 4. Bb5 Nd4 5. O-O c6 6. Bc4 d5 7. exd5 cxd5 {[%emt 0:00:22] [#]} 8. Nxd4 (8. Nxd5 $1 $16 Nxd5 9. Nxd4) 8... dxc4 9. Nf3 Bd6 10. Qe2 (10. d4 $14 e4 11. Qe2) 10... Bg4 11. Qxc4 ({White should try} 11. h3 $14 Bxf3 12. Qxf3) 11... Bxf3 12. gxf3 O-O 13. d3 Rc8 14. Qh4 Be7 15. Bg5 Rc6 16. Kh1 Nd5 17. Bxe7 $15 Nxe7 18. Rg1 Ng6 19. Qg3 Qh4 20. Rae1 Rd8 21. Re4 Qh6 22. Qg5 Qxg5 23. Rxg5 f6 24. Rg1 Kf7 25. Rb4 b6 26. a4 Rd4 27. Rg4 Rd7 28. Rgc4 Re6 29. a5 bxa5 30. Rb5 Ne7 31. Rxa5 Nc6 32. Ra6 Nd4 33. Rxe6 Kxe6 34. Ne4 Kf7 35. Kg2 Ne2 36. b4 f5 37. Ng3 Nf4+ 38. Kf1 Kf6 39. Ne2 Ne6 40. f4 g5 41. fxe5+ Kxe5 42. Ng1 g4 43. f3 h5 44. Kf2 Rd6 45. Ne2 Ra6 46. f4+ Kf6 47. d4 Ra3 48. d5 Rf3+ 49. Kg2 Re3 50. Ng3 h4 51. Rc6 hxg3 52. hxg3 Kf7 53. Rxe6 Rc3 54. Rc6 Re3 55. Kf2 Rf3+ 56. Kg2 Re3 57. Rc7+ Kf6 58. d6 Re2+ 59. Kf1 Re3 60. Kf2 Rf3+ 61. Kg2 Ke6 62. d7 Ke7 63. c4 Rb3 64. c5 a5 65. bxa5 Kd8 66. Ra7 Rc3 67. a6 Rxc5 68. Rb7 Rc2+ 69. Kf1 Rc1+ 70. Ke2 Rc2+ 71. Kd3 Ra2 72. a7 Ra3+ 73. Kd4 Ra4+ 74. Kc5 Ra5+ 75. Kc6 Ra6+ 76. Rb6 1-0

[Event "FIDE Womens World Cup 2021"]
[Site "Sochi"]
[Date "2021.07.12"]
[Round "1.11"]
[White "Buksa, Nataliya"]
[Black "Latreche, Sabrina"]
[Result "1-0"]
[ECO "C78"]
[WhiteElo "2413"]
[BlackElo "2076"]
[Annotator "NA"]
[PlyCount "95"]
[EventDate "2021.07.12"]
[EventType "k.o."]
[EventCountry "RUS"]
[SourceTitle "playchess.com"]
[Source "ChessBase"]
[SourceQuality "1"]
[TimeControl "40/5400+30:1800+30"]

1. e4 e5 2. Nf3 Nc6 3. Bb5 a6 4. Ba4 Nf6 5. O-O b5 6. Bb3 Bc5 7. c3 d6 8. d4 Bb6 9. h3 O-O 10. Re1 h6 11. Be3 exd4 12. cxd4 Na5 ({Don't blunder} 12... Nxe4 $2 13. Bd5 $18) 13. Bc2 $11 Bb7 14. Nbd2 Re8 15. Qb1 d5 16. e5 Nd7 17. b3 Nf8 18. Nf1 Ne6 19. Ng3 Nc6 20. Qd1 Nb4 21. Bb1 c5 22. dxc5 d4 23. Nxd4 Bxc5 24. Ngf5 Bxd4 25. Nxd4 Nxd4 26. Qxd4 Qxd4 27. Bxd4 Rad8 28. Bb6 Rc8 29. Be4 Bxe4 30. Rxe4 Nd3 31. Re3 Nb4 32. Re4 Nd3 33. Bd4 Rc2 34. a4 Nc1 35. axb5 axb5 36. Ra7 Ne2+ 37. Kh2 Nxd4 38. Rxd4 Rxe5 39. Rd8+ Kh7 40. Rxf7 Ree2 41. Rdd7 Rxf2 42. Rxg7+ Kh8 43. Rg6 Rb2 44. Rxh6+ Kg8 45. Rg6+ Kf8 46. Rg3 Rf1 47. Rc3 Ke8 48. Rb7 1-0

[Event "FIDE Womens World Cup 2021"]
[Site "Sochi"]
[Date "2021.07.12"]
[Round "1.12"]
[White "Gomez Barrera, Javiera Belen"]
[Black "Sukandar, Irine Kharisma"]
[Result "0-1"]
[ECO "C55"]
[WhiteElo "2083"]
[BlackElo "2413"]
[Annotator "NA"]
[PlyCount "66"]
[EventDate "2021.07.12"]
[EventType "k.o."]
[EventCountry "RUS"]
[SourceTitle "playchess.com"]
[Source "ChessBase"]
[SourceQuality "1"]
[TimeControl "40/5400+30:1800+30"]

1. e4 e5 2. Nf3 Nc6 3. Bc4 Nf6 4. d3 h6 5. c3 d6 6. O-O g5 7. Be3 Bg7 8. Qc2 Na5 9. Bb5+ c6 10. Ba4 b5 11. Bb3 O-O 12. c4 $15 a6 13. Nc3 Bg4 14. Nd2 b4 15. Nd1 c5 16. Ba4 Nh5 17. f3 Be6 18. g3 Qc8 19. Bf2 Bh3 20. Ne3 Nf6 21. Rfe1 Nb7 22. a3 a5 23. Ndf1 h5 24. Qd2 Bh6 25. Qd1 Nd8 26. Nd5 Nxd5 27. cxd5 f5 28. Ne3 f4 29. Nc4 Qc7 30. Rc1 g4 31. gxf4 Bxf4 32. Be3 gxf3 33. Bxf4 Qg7+ 0-1

[Event "FIDE Womens World Cup 2021"]
[Site "Sochi"]
[Date "2021.07.12"]
[Round "1.13"]
[White "Skripchenko, Almira"]
[Black "Wafa, Shahenda"]
[Result "1/2-1/2"]
[ECO "B31"]
[WhiteElo "2411"]
[BlackElo "2106"]
[Annotator "NA"]
[PlyCount "154"]
[EventDate "2021.07.12"]
[EventType "k.o."]
[EventCountry "RUS"]
[SourceTitle "playchess.com"]
[Source "ChessBase"]
[SourceQuality "1"]
[TimeControl "40/5400+30:1800+30"]

1. e4 c5 2. Nf3 Nc6 3. Bb5 g6 4. O-O Bg7 5. Nc3 e5 6. a3 Nge7 7. b4 cxb4 8. axb4 O-O 9. Bc4 d6 10. b5 $11 Nd4 11. Nxd4 exd4 12. Nd5 Nxd5 13. Bxd5 Qb6 14. Ba3 Be6 15. Bxe6 fxe6 16. Qg4 Rf6 17. Qg3 e5 18. Qd3 Qc7 19. c3 dxc3 20. dxc3 a5 21. Rab1 Rc8 22. b6 Qc4 23. Rfd1 Bf8 24. f3 Qxd3 25. Rxd3 Rc6 26. Rd5 Rxc3 27. Rxa5 Rc6 28. Ra8 Kg7 29. Rb8 Rf7 30. Kf1 Kf6 31. Bc1 h6 32. Be3 Ke6 33. Rd1 g5 34. h3 Rc3 35. Kf2 Rc2+ 36. Kg1 Rc3 37. Bf2 Rc6 38. Ra1 d5 39. exd5+ Kxd5 40. Ra5+ Kc4 41. Rxe5 Bd6 42. Re4+ Kb5 43. Rbe8 Rc1+ 44. Re1 Rxe1+ 45. Rxe1 Re7 46. Rb1+ Kc6 47. Rc1+ Kb5 48. Kf1 Re5 49. g3 Rf5 50. Kg2 Rd5 51. Rc2 Be5 52. Rc7 Ka6 53. Rc5 Rxc5 54. Bxc5 h5 55. Be3 Bf6 56. Kf2 Kb5 57. Ke2 Kc4 58. g4 hxg4 59. hxg4 Kd5 60. Kd3 Bd8 61. Bd2 Bf6 62. f4 gxf4 63. Bxf4 Bd8 64. Bc7 Bg5 65. Bg3 Bd8 66. Bf2 Ke5 67. Bg3+ Kd5 68. Bc7 Bg5 69. Ke2 Ke4 70. Kf2 Be3+ 71. Kg2 Bg5 72. Kh3 Kf3 73. Be5 Bd8 74. Bd4 Bg5 75. Bg7 Bd8 76. Be5 Bg5 77. Bg3 Bd8 1/2-1/2

[Event "FIDE Womens World Cup 2021"]
[Site "Sochi"]
[Date "2021.07.12"]
[Round "1.14"]
[White "Vargas, Gabriela"]
[Black "Danielian, Elina"]
[Result "0-1"]
[ECO "E11"]
[WhiteElo "2170"]
[BlackElo "2407"]
[Annotator "NA"]
[PlyCount "110"]
[EventDate "2021.07.12"]
[EventType "k.o."]
[EventCountry "RUS"]
[SourceTitle "playchess.com"]
[Source "ChessBase"]
[SourceQuality "1"]
[TimeControl "40/5400+30:1800+30"]

1. d4 Nf6 2. c4 e6 3. Nf3 Bb4+ 4. Bd2 c5 5. Bxb4 cxb4 6. Nbd2 O-O 7. e4 d6 8. Bd3 e5 9. h3 Nc6 10. d5 Ne7 11. Nf1 Nd7 12. Ne3 Nc5 13. g4 (13. Qb1 $15) 13... Ng6 14. Ng2 Bd7 15. Qe2 b5 16. O-O Rb8 17. Rfe1 Qf6 $15 18. cxb5 h5 19. Nh2 hxg4 20. hxg4 Rfc8 21. Bc4 Nf4 22. Nxf4 Qxf4 23. b3 g6 24. Qe3 Qxe3 25. Rxe3 Bxb5 26. Bxb5 Rxb5 27. Nf3 Nd7 28. g5 Rbc5 29. Kg2 Rc1 30. Rxc1 Rxc1 31. Re2 Nc5 32. Ne1 a5 33. f3 Kf8 34. Kf2 Ke7 35. Rc2 Rxc2+ 36. Nxc2 Nd3+ 37. Ke2 Nc1+ 38. Kd2 Nxa2 39. Ne3 Nc3 40. Nc4 a4 41. bxa4 Nxa4 42. Kc2 Nc3 43. Kb3 Ne2 44. Kxb4 Ng1 45. Nd2 Nh3 46. Kc4 Nxg5 47. Kd3 Kd7 48. Ke3 f5 49. exf5 gxf5 50. f4 Nf7 51. fxe5 dxe5 52. Nc4 Ke7 53. Kf3 Kf6 54. d6 Ke6 55. d7 Kxd7 0-1